 Dungeon Crawl Stone Soup version 0.23.0 (webtiles) character file.

Game seed: 16455768159297183987

31283 Borgoz the Covert (level 13, -25/80 HPs)
             Began as a Kobold Assassin on Feb 17, 2019.
             Was a High Priest of Kikubaaqudgha.
             Annihilated by a minotaur
             ... wielding the +3 dagger of the Briny Deep {antimagic, +Blink rPois Stlth+}
              (42 damage)
             ... in a Gauntlet.
             The game lasted 00:50:32 (20708 turns).

Borgoz the Covert (Kobold Assassin)                Turns: 20708, Time: 00:50:32

Health: -25/80     AC: 11    Str: 13    XL:     13   Next: 95%
Magic:  0/18       EV: 30    Int: 12    God:    Kikubaaqudgha [*****.]
Gold:   922        SH:  8    Dex: 28    Spells: 9/12 levels left

rFire    . . .     SeeInvis +   E - +1 rapier (venom)
rCold    . . .     Gourm    .   u - +0 buckler of Salvation {MR+ Slay+2} (curse)
rNeg     . . .     Faith    .   w - +1 ring mail of Zaminuuj {Dex+6}
rPois    +         Spirit   +   s - +2 helmet
rElec    .         Reflect  .   z - +0 cloak {rPois}
rCorr    .         Harm     .   (no gloves)
MR       +....     NoTele   +   (no boots)
Stlth    +++++++...             o - amulet of guardian spirit
HPRegen  0.23/turn              J - ring of see invisible
MPRegen  0.16/turn              W - +3 ring of slaying

@: agile, very slightly contaminated
A: small, carnivore
a: Receive Corpses, Torment, Renounce Religion


You were in a Gauntlet.
You worshipped Kikubaaqudgha.
Kikubaaqudgha was extremely pleased with you.
You were very full.

You visited 3 branches of the dungeon, and saw 15 of its levels.
You also visited: Gauntlet.

You collected 968 gold pieces.
You spent 46 gold pieces at shops.

Inventory:

Hand Weapons
 b - a +0 blowgun
 E - a +1 rapier of venom (weapon)
Missiles
 c - 26 poisoned needles
Armour
 s - a +2 helmet (worn)
 u - the cursed +0 buckler of Salvation (worn) {MR+ Slay+2}
   (You found it on level 7 of the Dungeon)

   It affects your accuracy and damage with ranged weapons and melee attacks
   (+2).
   It affects your resistance to hostile enchantments.
   It has a curse placed upon it.
 v - a +2 robe of cold resistance
 w - the +1 ring mail of Zaminuuj (worn) {Dex+6}
   (You found it on level 9 of the Dungeon)

   It affects your dexterity (+6).
 z - a +0 cloak of poison resistance (worn)
Jewellery
 a - an uncursed amulet of harm {unknown}
 e - an uncursed ring of protection from fire
 i - an uncursed ring of ice
 o - an amulet of guardian spirit (around neck)
 D - an uncursed ring of ice
 J - a ring of see invisible (left hand)
 T - an uncursed amulet of regeneration
 W - a +3 ring of slaying (right hand)
Wands
 d - a wand of flame (17)
 I - a wand of clouds (5)
 R - a wand of acid (8)
Scrolls
 f - 5 scrolls of remove curse
 k - 10 scrolls of teleportation
 m - 6 scrolls of magic mapping
 n - 4 scrolls of amnesia
 p - a scroll of enchant armour
 N - a scroll of enchant weapon
 Z - a scroll of fear
Potions
 j - 2 potions of brilliance
 t - 2 potions of flight
 A - a potion of haste
 C - a potion of mutation
 K - a potion of cancellation
 V - a potion of degeneration
Comestibles
 g - 27 rations


   Skills:
 + Level 9.4 Fighting
 + Level 12.3 Short Blades
 - Level 8.2 Throwing
 + Level 6.0 Armour
 + Level 11.3 Dodging
 + Level 13.9 Stealth
 + Level 5.7 Shields
 - Level 7.3 Evocations


You had 9 spell levels left.
You knew the following spells:

 Your Spells              Type           Power        Failure   Level  Hunger
a - Vampiric Draining     Necr           #.........   89%         3    ####...

Your spell library contained the following spells:

 Spells                   Type           Power        Failure   Level  Hunger
 Apportation              Tloc           #.....       54%         1    ##.....
 Beastly Appendage        Tmut           #.....       54%         1    ##.....
 Pain                     Necr           #...         54%         1    ##.....
 Summon Butterflies       Summ           #.......     54%         1    ##.....
 Corpse Rot               Necr           N/A          69%         2    ###....
 Sticks to Snakes         Tmut           #.......     69%         2    ###....
 Sublimation of Blood     Necr           #.........   69%         2    ###....
 Call Canine Familiar     Summ           #.......     89%         3    ####...
 Lesser Beckoning         Tloc           #.........   89%         3    ####...
 Spider Form              Tmut/Pois      #.........   89%         3    ####...
 Tukima's Dance           Hex            #.......     89%         3    ####...
 Animate Dead             Necr           N/A          100%        4    #####..
 Cause Fear               Hex            #.........   100%        4    #####..
 Ice Form                 Ice/Tmut       #.......     100%        4    #####..
 Summon Ice Beast         Ice/Summ       #.......     100%        4    #####..
 Alistair's Intoxication  Tmut/Pois      #.......     100%        5    ######.
 Blade Hands              Tmut           #.........   100%        5    ######.
 Borgnjor's Vile Clutch   Necr/Erth      #.........   100%        5    ######.
 Dispel Undead            Necr           #.......     100%        5    ######.
 Excruciating Wounds      Chrm/Necr      #.........   100%        5    ######.
 Silence                  Hex/Air        #.........   100%        5    ######.
 Summon Mana Viper        Hex/Summ       #.......     100%        5    ######.
 Yara's Violent Unravell  Hex/Tmut       #.........   100%        5    ######.
 Death Channel            Necr           #.........   100%        6    #######
 Deflect Missiles         Chrm/Air       #.........   100%        6    #######
 Invisibility             Hex            #.......     100%        6    #######
 Summon Hydra             Summ           #.........   100%        7    #######
 Discord                  Hex            #.........   100%        8    #######


Dungeon Overview and Level Annotations

Branches:
Dungeon (13/15)            Temple (1/1) D:5            Lair (1/6) D:10
    Orc (0/2) D:9          Vaults (0/5) D:13

Altars:
Ashenzari
Cheibriados
Dithmenos
Elyvilon
Fedhas
Gozag
Hepliaklqana
Kikubaaqudgha
Makhleb
Nemelex Xobeh
Okawaru
Qazlal
Ru
Sif Muna
Trog
Uskayaw
Vehumet
Wu Jian
Xom
Yredelemnul
Zin
The Shining One

Shops:
D:10 ((*

Annotations:
Gauntlet 8 transporters, 3 runed translucent doors


Innate Abilities, Weirdness & Mutations

You are small and have problems with some larger weapons.
You are carnivorous and can eat meat at any time.


Message History

You hit the minotaur but do no damage.
The minotaur looks even sicker.
The minotaur is heavily wounded.
The minotaur hits you with the +3 dagger of the Briny Deep {antimagic, +Blink rPois Stlth+}!!
* * * LOW HITPOINT WARNING * * *
The minotaur gores you but does no damage.
Unknown command.
Okay, then.
Blink to where?
Press: ? - help, Dir - move target cursor You are very lightly contaminated with residual magic.
As you read the scroll of blinking, it crumbles to dust.
Okay, then.
Evoke which item? (* to show all) (? for menu, Esc to quit)
Okay, then.
Unknown command.
You feel agile all of a sudden.
The minotaur hits you with the +3 dagger of the Briny Deep {antimagic, +Blink rPois Stlth+}!!!
Ouch! That really hurt!
You die...
Kikubaaqudgha rasps: "You have failed me!
Welcome... death!"

######### #.......#
#.#####.# #.# ..#.#
#.# #.#.# #.# #.#.#
#.# #§#.# #.###H#.#
#...@.#.# #######.#
#.....# #.#####
#########.#########
#.................
#.♣.♣.©.©.©.©.♣.♣.#
#.................
###
#####################
### ##


You could see a minotaur (berserk).

Vanquished Creatures
  An ogre mage (D:13)
  A hydra (D:12)
  2 centaur warriors (D:13)
  4 two-headed ogres
  Erica (D:8)
  A death scarab (Gauntlet)
  An unseen horror (D:11)
  A deep elf archer (D:13)
  An orc knight (D:13)
  4 deep elf magi (D:13)
  3 ugly things
  A manticore (D:11)
  3 cyclopes
  Maurice (D:8)
  3 elephants (Gauntlet)
  A centaur zombie (D:13)
  A torpor snail (Gauntlet)
  5 centaur skeletons
  2 gargoyles
  A spiny frog (Lair:1)
  A tengu conjurer (D:12)
  4 trolls
  3 hornets (D:11)
  A hippogriff (D:8)
  7 flying skulls (Gauntlet)
  2 wraiths
  A vampire (D:12)
  4 wyverns
  A basilisk (D:13)
  9 yaks
  3 hungry ghosts
  Edmund (D:6)
  An acid dragon (D:10)
  A water moccasin (D:9)
  A spectral spiny frog (Gauntlet)
  10 orc warriors
  6 ice beasts
  5 sky beasts
  8 phantoms
  2 black bears
  A wolf (D:11)
  An eye of draining (D:10)
  7 ogres
  15 centaurs
  5 crocodiles
  A big kobold (D:10)
  10 bullfrogs
  A water moccasin zombie (D:10)
  A wyvern skeleton (D:6)
  8 scorpions
  A troll zombie (D:9)
  11 killer bees
  2 electric eels (D:11)
  5 howler monkeys
  5 crimson imps
  A bullfrog zombie (D:13)
  A jelly (D:6)
  Crazy Yiuf (D:2)
  22 orc wizards
  11 orc priests
  8 hounds
  An iron imp (D:5)
  An iguana (D:9)
  Natasha (thrice) (D:4)
  10 worker ants
  A killer bee zombie (D:7)
  A centaur simulacrum (D:11)
  5 ogre zombies (D:9)
  A hound zombie (D:6)
  A hound skeleton (D:10)
  A howler monkey zombie (D:6)
  2 worker ant zombies
  Robin (D:2)
  3 gnolls
  13 adders
  A howler monkey skeleton (D:4)
  2 shadow imps
  2 white imps (D:11)
  4 ufetubi (D:11)
  An adder zombie (D:5)
  An adder skeleton (D:4)
  2 worms
  3 dart slugs
  4 leopard geckos
  67 orcs
  4 giant cockroaches
  17 goblins
  9 hobgoblins
  7 jackals
  10 kobolds
  2 quokkas
  A ball python (D:6)
  3 bats
  4 frilled lizards
  2 goblin skeletons
  2 goblin zombies (D:9)
  A hobgoblin skeleton (D:9)
  8 hobgoblin zombies
  A jackal zombie (D:3)
  A kobold skeleton (D:5)
  A kobold zombie (D:5)
  A leopard gecko zombie (D:9)
  2 orc skeletons (D:9)
  11 orc zombies
  5 rats
450 creatures vanquished.

Vanquished Creatures (others)
  A two-headed ogre (D:9)
  A yak (D:9)
  An ogre (D:9)
  2 centaurs (D:9)
  3 killer bees (D:9)
  A hound (D:9)
  A shadow imp (D:9)
10 creatures vanquished.

Grand Total: 460 creatures vanquished

Notes
Turn   | Place    | Note
-------+----------+-------------------------------------------
     0 | D:1      | Borgoz the Kobold Assassin began the quest for the Orb.
     0 | D:1      | Reached XP level 1. HP: 12/12 MP: 1/1
   243 | D:1      | Reached XP level 2. HP: 17/17 MP: 2/2
   853 | D:2      | Reached XP level 3. HP: 22/22 MP: 3/3
   870 | D:2      | Found a snail-covered altar of Cheibriados.
  1214 | D:2      | Found a runed translucent door.
  1215 | D:2      | Noticed Crazy Yiuf
  1326 | D:2      | Noticed Robin
  1417 | D:2      | Reached XP level 4. HP: 18/27 MP: 4/4
  1604 | D:2      | Reached skill level 6 in Stealth
  1871 | D:2      | Killed Robin
  2468 | D:3      | Reached XP level 5. HP: 31/31 MP: 5/5
  2692 | D:3      | Found a bloodstained altar of Trog.
  2944 | D:3      | Reached XP level 6. HP: 14/37 MP: 3/6
  4024 | D:4      | Reached skill level 7 in Stealth
  4049 | D:4      | Noticed Natasha
  4071 | D:4      | Reached skill level 5 in Short Blades
  4086 | D:4      | Killed Natasha
  4086 | D:4      | Reached XP level 7. HP: 30/41 MP: 2/7
  4095 | D:4      | Noticed Natasha
  4108 | D:4      | Killed Natasha
  4384 | D:4      | Noticed Natasha
  4398 | D:4      | Killed Natasha
  5292 | D:5      | Entered Level 5 of the Dungeon
  5364 | D:5      | Found a shattered altar of Ashenzari.
  5386 | D:5      | Reached skill level 5 in Dodging
  5386 | D:5      | Reached skill level 8 in Stealth
  5386 | D:5      | Reached XP level 8. HP: 35/48 MP: 8/8
  5840 | D:5      | Found a staircase to the Ecumenical Temple.
  6498 | D:5      | Found a glowing golden altar of the Shining One.
  6818 | D:5      | Got an aquamarine-encrusted chain mail
  6920 | Temple   | Entered the Ecumenical Temple
  7084 | D:5      | Found a glowing golden altar of the Shining One.
  7095 | D:5      | Found a snail-covered altar of Cheibriados.
  7184 | Temple   | Became a worshipper of Kikubaaqudgha
  7474 | D:6      | Found a white marble altar of Elyvilon.
  7595 | D:6      | Reached skill level 9 in Stealth
  7999 | D:6      | Reached XP level 9. HP: 29/52 MP: 9/9
  8246 | D:5      | Identified the +6 chain mail of the Princeling {-Tele +Inv
                  | rElec Int+10 Dex+3} (You found it on level 5 of the
                  | Dungeon)
  8424 | D:6      | Reached * piety under Kikubaaqudgha
  8424 | D:6      | Identified Kikubaaqudgha's Guide on Evil Rites
                  | (Kikubaaqudgha gifted it to you on level 6 of the Dungeon)
  8424 | D:6      | Received a gift from Kikubaaqudgha
  8797 | D:6      | Found a sacrificial altar of Ru.
  8824 | D:6      | Reached skill level 1 in Evocations
  8881 | D:6      | Noticed Edmund
  9038 | D:6      | Killed Edmund
  9038 | D:6      | Reached skill level 1 in Armour
  9071 | D:6      | Learned a level 3 spell: Vampiric Draining
  9442 | D:5      | Reached skill level 10 in Stealth
  9708 | D:6      | Reached skill level 5 in Fighting
  9708 | D:6      | Reached skill level 5 in Throwing
 10073 | D:2      | Killed Crazy Yiuf
 10691 | D:7      | Got a faintly glowing dagger
 10692 | D:7      | Identified the +10 dagger "Vynew" {pierce, *Corrode Int+3}
                  | (You found it on level 7 of the Dungeon)
 10712 | D:7      | Found a radiant altar of Vehumet.
 10822 | D:7      | Found a sparkling altar of Nemelex Xobeh.
 10822 | D:7      | Found a faded altar of an unknown god.
 10827 | D:7      | Found a faded altar of an unknown god.
 10829 | D:7      | Found a burning altar of Makhleb.
 10830 | D:7      | Found an iron altar of Okawaru.
 10888 | D:7      | Reached ** piety under Kikubaaqudgha
 10888 | D:7      | Reached XP level 10. HP: 35/59 MP: 5/11
 11655 | D:7      | Got a shimmering buckler
 11661 | D:7      | Identified the cursed +0 buckler of Salvation {MR+ Slay+2}
                  | (You found it on level 7 of the Dungeon)
 11779 | D:8      | Noticed Erica
 11792 | D:8      | Killed Erica
 11792 | D:8      | Reached skill level 1 in Shields
 11851 | D:8      | Reached skill level 11 in Stealth
 12079 | D:8      | Noticed Maurice
 12147 | D:8      | Killed Maurice
 12589 | D:9      | Noticed a green ugly thing
 12616 | D:9      | Killed a green ugly thing
 12623 | D:9      | Killed a two-headed ogre
 12786 | D:9      | Reached XP level 11. HP: 62/64 MP: 14/14
 12974 | D:9      | Reached *** piety under Kikubaaqudgha
 12974 | D:9      | Identified Kikubaaqudgha's Disquisition on Evil
                  | (Kikubaaqudgha gifted it to you on level 9 of the Dungeon)
 12974 | D:9      | Received a gift from Kikubaaqudgha
 13072 | D:9      | Found a staircase to the Orcish Mines.
 13268 | D:9      | Found a shadowy altar of Dithmenos.
 13277 | D:9      | Got a bloodstained ring mail
 13320 | D:9      | Found a shimmering altar of Xom.
 14127 | D:9      | Identified the +1 ring mail of Zaminuuj {Dex+6} (You found
                  | it on level 9 of the Dungeon)
 14729 | D:10     | Entered Level 10 of the Dungeon
 14729 | D:10     | Found Tyishoq's Antique Weapon Emporium.
 14772 | D:10     | Reached skill level 10 in Short Blades
 14772 | D:10     | Reached skill level 5 in Evocations
 15039 | D:10     | Reached **** piety under Kikubaaqudgha
 15062 | D:10     | Found Ruutyju's Antique Weapon Shoppe.
 15433 | D:10     | Found Maall's Assorted Antiques.
 15443 | D:10     | Bought a scroll of identify for 46 gold pieces
 15616 | D:10     | Found a deep blue altar of Sif Muna.
 15953 | D:10     | Found a staircase to the Lair.
 16082 | D:11     | Reached skill level 12 in Stealth
 16126 | D:11     | Reached ***** piety under Kikubaaqudgha
 16143 | D:11     | Noticed a manticore
 16151 | D:11     | Killed a manticore
 16184 | D:11     | Reached XP level 12. HP: 39/72 MP: 9/16
 16402 | D:11     | Noticed an unseen horror
 16423 | D:11     | Killed an unseen horror
 16726 | D:12     | Noticed a two-headed ogre
 16762 | D:12     | Killed a two-headed ogre
 16762 | D:12     | Reached skill level 10 in Dodging
 17175 | D:13     | Noticed a centaur warrior
 17192 | D:13     | Killed a centaur warrior
 17659 | D:11     | Noticed a two-headed ogre
 17673 | D:11     | Killed a two-headed ogre
 17994 | D:12     | Noticed a seven-headed hydra
 17995 | D:12     | Noticed a two-headed ogre
 18014 | D:12     | Killed a two-headed ogre
 18014 | D:12     | Reached XP level 13. HP: 56/78 MP: 15/18
 18110 | D:12     | Killed a seven-headed hydra
 18110 | D:12     | Reached skill level 5 in Armour
 18185 | D:12     | Reached skill level 13 in Stealth
 18611 | D:13     | Noticed a centaur warrior
 18621 | D:13     | Killed a centaur warrior
 18677 | D:13     | Reached skill level 5 in Shields
 18900 | D:13     | Noticed an ogre mage
 18931 | D:13     | Killed an ogre mage
 19213 | D:13     | Found a gate to the Vaults.
 19478 | Lair:1   | Entered Level 1 of the Lair of Beasts
 19596 | Lair:1   | Found a gate leading to a gauntlet.
 19601 | Gauntlet | Entered a Gauntlet
 19601 | Gauntlet | Found a transporter.
 19608 | Gauntlet | Found a transporter.
 19610 | Gauntlet | Found a transporter.
 19619 | Gauntlet | Found a transporter.
 19621 | Gauntlet | Found a transporter.
 19625 | Gauntlet | Noticed a death ooze
 19639 | Gauntlet | Found a transporter.
 19643 | Gauntlet | Found a runed translucent door.
 19647 | Gauntlet | Found a transporter.
 19656 | Gauntlet | Found a transporter.
 19663 | Gauntlet | Found a runed translucent door.
 19664 | Gauntlet | Noticed a green death
 19667 | Gauntlet | Found a transporter.
 19670 | Gauntlet | Found a runed translucent door.
 19674 | Gauntlet | Found a transporter.
 19674 | Gauntlet | Found a transporter.
 19702 | Gauntlet | Found a transporter.
 19702 | Gauntlet | Found a transporter.
 19761 | Gauntlet | Found a transporter.
 20687 | Gauntlet | Identified the +3 dagger of the Briny Deep {antimagic,
                  | +Blink rPois Stlth+}
 20687 | Gauntlet | Noticed a minotaur
 20708 | Gauntlet | Annihilated by a minotaur

Skill      XL: |  1  2  3  4  5  6  7  8  9 10 11 12 13 |
---------------+----------------------------------------+-----
Short Blades   | 3 4 5 6 7 8 9 10 11 12 | 12.3
Dodging        | 2 3 4 5 6 7 8 9 10 11 | 11.3
Stealth        | 6 7 8 9 10 11 12 13 | 13.9
Fighting       | 3 4 5 6 7 8 9 |  9.4
Throwing       | 3 4 5 6 7 8 |  8.2
Evocations     | 2 4 5 7 |  7.3
Armour         | 1 2 4 6 |  6.0
Shields        | 2 3 4 5 |  5.7

Action                   |  1- 3 |  4- 6 |  7- 9 | 10-12 | 13-15 || total
-------------------------+-------+-------+-------+-------+-------++-------
Melee: Dagger            |   104 |   161 |   820 |    12 |       ||  1097
       Rapier            |       |     2 |     6 |  1157 |   400 ||  1565
 Fire: Blowgun           |     3 |    30 |    33 |       |       ||    66
Evoke: Wand              |       |       |     5 |     4 |       ||     9
  Use: Scroll            |     3 |       |     7 |    12 |     4 ||    26
       Potion            |       |     2 |     5 |     5 |     5 ||    17
 Stab: Sleeping          |     5 |    14 |     9 |    17 |     5 ||    50
       Invisible         |       |       |     3 |       |       ||     3
       Confused          |       |       |     1 |       |       ||     1
       Paralysed         |       |       |     1 |       |       ||     1
       Distracted        |       |       |       |     3 |       ||     3
  Eat: Chunk             |     9 |     9 |    19 |    42 |     8 ||    87
Armor: Robe              |    17 |    25 |    45 |       |       ||    87
       Chain mail        |       |       |   136 |   143 |       ||   279
       Ring mail         |       |       |       |   100 |    25 ||   125
       Skin              |       |       |       |       |    63 ||    63
Dodge: Dodged            |    70 |   101 |   351 |   617 |   244 ||  1383
Block: Buckler           |       |       |       |   280 |   118 ||   398
